 Dungeon Crawl Stone Soup version 0.21-a0-2-ge494091 (webtiles) character file.

71 Minion the Bolt Thrower (level 4, -2/27 HPs)
             Began as a Kobold Hunter on May 22, 2017.
             Slain by a worm (8 damage)
             ... on level 2 of the Dungeon.
             The game lasted 00:03:17 (2154 turns).

Minion the Bolt Thrower (Kobold Hunter)             Turns: 2154, Time: 00:03:18

Health: -2/27      AC:  4    Str:  9    XL:     4   Next: 47%
Magic:  4/4        EV: 16    Int: 12    God:
Gold:   68         SH:  0    Dex: 16    Spells: 3/3 levels left

rFire    . . .     SeeInvis .   b - +0 short sword
rCold    . . .     Gourm    .   (shield restricted)
rNeg     . . .     Faith    .   c - +0 leather armour
rPois    .         Spirit   .   (no helmet)
rElec    .         Reflect  .   i - +0 cloak
rCorr    .         Harm     .   (no gloves)
MR       .....                  (no boots)
Stlth    ++........             (no amulet)
Regen    0.1/turn               (no ring)
MPRegen  0.1/turn               (no ring)

@: no status effects
A: carnivore 3
a: no special abilities


You were on level 2 of the Dungeon.
You were completely stuffed.

You visited 1 branch of the dungeon, and saw 2 of its levels.

You collected 68 gold pieces.

Inventory:

Hand Weapons
 a - a +1 hand crossbow
 b - a +0 short sword (weapon)
Missiles
 d - 20 bolts
Armour
 c - a +0 leather armour (worn)
 i - a +0 cloak (worn)
 k - a +0 buckler
Scrolls
 e - 5 scrolls of identify {unknown}
 g - 2 scrolls of noise {unknown}
 h - 2 scrolls of teleportation {unknown}
 j - a scroll of remove curse {unknown}
 l - 3 scrolls of magic mapping {unknown}
 m - a scroll of fear {unknown}
 p - 3 scrolls of random uselessness {unknown}
Potions
 n - a potion of ambrosia {unknown}
 o - a potion of might {unknown}
Comestibles
 f - a meat ration
 q - 3 chunks of flesh


   Skills:
 + Level 2.9 Fighting
 + Level 2.5 Short Blades
 + Level 5.1 Crossbows
 + Level 3.6 Dodging
 - Level 1.3 Stealth


You had 3 spell levels left.
You didn't know any spells.

Dungeon Overview and Level Annotations

Branches:
Dungeon (2/15)

Altars:


Innate Abilities, Weirdness & Mutations

You are small and have problems with some larger weapons.
You are carnivorous and can eat meat at any time.


Message History

You hit the worm but do no damage.
The worm is heavily wounded.
You completely miss the worm.
The worm is heavily wounded.
The worm bites you.
* * * LOW HITPOINT WARNING * * *
You barely miss the worm.
The worm is heavily wounded.
The worm barely misses you.
You hit the worm.
The worm is heavily wounded.
You hit the worm.
The worm is severely wounded.
The worm barely misses you.
You hit the worm but do no damage.
The worm is heavily wounded.
You hit the worm.
The worm is severely wounded.
The worm bites you!
You die...

#.# #.# #.. #.#
#.# # .?. ..##.#
#.# . #.. #.##.#
#.# # #.# #.##.#
#.# #.# #.##.#
### #l# #.##.#
#w# #.##.# #@#
#.##.# #.#
#.##.#
.#####.###.##.#
...............#
#######.###.####
#.# #.# #.# #.#
... ..# ### #.#


You could see a worm and a leopard gecko.

Vanquished Creatures
  2 adders (D:2)
  An ooze (D:2)
  A dart slug (D:2)
  A leopard gecko (D:1)
  2 ball pythons
  7 bats
  2 giant cockroaches
  4 goblins
  7 hobgoblins
  9 kobolds
  5 frilled lizards
  3 rats
44 creatures vanquished.

Vanquished Creatures (others)
  4 toadstools (D:1)
4 creatures vanquished.

Grand Total: 48 creatures vanquished

Notes
Turn   | Place    | Note
-------+----------+-------------------------------------------
     0 | D:1      | Minion the Kobold Hunter began the quest for the Orb.
     0 | D:1      | Reached XP level 1. HP: 12/12 MP: 1/1
    91 | D:1      | Reached skill level 1 in Short Blades
   135 | D:1      | Reached XP level 2. HP: 4/18 MP: 2/2
   551 | D:1      | Reached skill level 5 in Crossbows
   789 | D:1      | Reached XP level 3. HP: 22/22 MP: 3/3
  1718 | D:2      | Reached XP level 4. HP: 13/27 MP: 4/4
  2154 | D:2      | Slain by a worm

Vault maps used:
D:1:      ldierk_water_garden, kennysheep_boxes

Skill      XL: |  1  2  3 |
---------------+----------+-----
Short Blades   | 1 2 |  2.5
Crossbows      | 5 |  5.1
Dodging        | 3 |  3.6
Fighting       | |  2.9
Stealth        | |  1.3

Action                   |  1- 3 |  4- 6 || total
-------------------------+-------+-------++-------
Melee: Short sword       |   176 |    56 ||   232
 Stab: Sleeping          |     5 |     1 ||     6
       Distracted        |     1 |       ||     1
  Eat: Chunk             |    11 |     2 ||    13
Armor: Leather armour    |    31 |     5 ||    36
Dodge: Dodged            |   159 |    31 ||   190
